Map: Catalyst LE

Players

FanTaSy - Winner!

  • Race: Terran Terran
  • League: Diamond
  • Spawn Location: 11:00

Geralt (Gerald)

  • Race: Protoss Protoss
  • League: Grandmaster
  • Spawn Location: 5:00

Event: HomeStory Cup XVII

VOD

Have the link to the VOD?

Description

Time

  • Played on: June 29, 2018, 12:09 p.m.
  • Length: 11:41

All games in this series

Show
View Real Time Build Order
Export as new Build Order

FanTaSy Terran - Winner!

Build Orders: Gas First Reaper Expand, Reaper Expand, MMM Bio 

Get SALT Encoding   

  12  0:00  SCV  
  13  0:12  SCV  
  14  0:17  Supply Depot  
  14  0:24  SCV  
  15  0:28  Refinery  
  15  0:38  SCV  
  16  0:44  Barracks  
  16  0:50  SCV  
  17  1:02  SCV  
  18  1:14  SCV  
  19  1:31  Orbital Command  
  19  1:32  Reaper  
  20  1:44  Command Center  
  20  1:58  SCV  
  20  1:59  Factory  
  21  2:07  Refinery, Barracks Reactor  
  21  2:11  SCV  
  22  2:16  Supply Depot  
  22  2:23  SCV  
  23  2:37  SCV  
  23  2:44  Marine x2  
  23  2:45  Widow Mine  
  23  2:48  Starport  
  23  2:49  SCV  
  27  3:02  Marine x2  
  27  3:03  SCV  
  30  3:25  Viking, Cyclone, SCV  
  37  3:29  Orbital Command  
  36  3:36  Marine x2  
  36  3:38  SCV  
  39  3:42  Supply Depot  
  39  3:50  SCV  
  39  3:54  Marine x2  
  43  3:55  SCV  
  43  4:00  Cyclone  
  46  4:04  Medivac  
  46  4:05  SCV  
  46  4:07  SCV  
  50  4:11  Supply Depot  
  50  4:16  Marine x2  
  52  4:21  SCV x2  
  52  4:22  Liberator  
  54  4:33  SCV x2  
  59  4:44  Marine  
  62  4:50  Supply Depot  
  62  4:51  SCV x2, Marine, Factory Tech Lab  
  62  4:53  Barracks  
  62  4:55  Barracks  
  62  4:58  Refinery  
  62  4:59  Engineering Bay  
  62  5:00  Bunker  
  62  5:10  Marine x2, SCV x2  
  62  5:13  Siege Tank  
  59  5:22  SCV x2  
  59  5:23  Starport Tech Lab  
  59  5:26  Terran Infantry Weapons Level 1  
  59  5:27  Marine  
  60  5:34  Supply Depot  
  60  5:35  SCV  
  60  5:36  SCV  
  62  5:48  SCV  
  62  5:49  SCV  
  64  5:50  Starport Reactor  
  64  5:53  Factory Reactor  
  64  5:55  Stimpack, Marauder x2, Marine x2  
  70  6:00  Supply Depot  
  70  6:01  Supply Depot  
  70  6:17  Marine x2, Marauder x2  
  76  6:20  SCV  
  76  6:21  SCV  
  78  6:31  Widow Mine, Medivac x2  
  83  6:37  Widow Mine  
  83  6:39  Marine x2, Marauder x2  
  89  6:42  SCV x2  
  89  6:43  Command Center  
  89  6:44  Combat Shields  
  86  6:54  SCV x2  
  86  6:59  Marine x2  
  86  7:00  Factory Reactor, Marauder x2  
  94  7:04  Supply Depot  
  94  7:05  Supply Depot  
  94  7:10  Refinery  
  94  7:25  Marine x2  
  94  7:26  Marauder x2  
  94  7:27  Barracks  
  94  7:28  Terran Infantry Armor Level 1  
  94  7:29  Barracks, SCV x2  
  102  7:40  Widow Mine x2  
  102  7:41  Medivac  
  102  7:42  Medivac, SCV x2  
  110  7:53  Marine  
  110  7:54  Marine  
  110  7:55  Marauder x2, SCV  
  114  8:09  SCV x2  
  114  8:11  Marine x2  
  118  8:14  Orbital Command  
  118  8:15  Widow Mine x2, Medivac  
  118  8:16  Marauder x2  
  118  8:18  Medivac  
  112  8:27  Barracks Reactor, Barracks Tech Lab  
  112  8:28  SCV x2  
  112  8:32  Marine x2  
  114  8:36  Widow Mine x2  
  114  8:38  Marauder x2  
  114  8:40  SCV x2  
  114  8:41  SCV  
  122  8:42  Refinery  
  122  8:43  Refinery, Supply Depot  
  122  8:47  Medivac, Supply Depot  
  124  9:01  Marine  
  125  9:04  Marine  
  125  9:05  Medivac, Marauder x2, SCV, Supply Depot  
  125  9:06  Supply Depot  
  125  9:09  Supply Depot, Marauder, SCV  
  136  9:13  Armory  
  136  9:14  Widow Mine x2  
  136  9:15  Engineering Bay, Concussive Shells  
  140  9:18  SCV  
  141  9:26  Medivac, SCV x2  
  141  9:27  Marauder x2  
  141  9:28  Marine x3  
  141  9:30  Marauder  
  154  9:36  SCV  
  155  9:38  SCV x2  
  155  9:39  Widow Mine x2  
  155  9:45  Supply Depot  
  161  9:47  Supply Depot  
  161  9:48  Supply Depot  
  161  9:49  Marauder x2  
  161  9:52  Marauder  
  163  9:56  Medivac  
  154  10:01  Widow Mine x2  
  152  10:10  Marauder  
  152  10:11  Marauder  
  152  10:13  Marauder  
  151  10:18  Marine x4  
  147  10:26  Ghost Academy  
  147  10:27  Widow Mine x2, Medivac  
  147  10:28  Medivac  
  154  10:32  Marauder x2  
  154  10:35  Marauder  
  159  10:44  Marine x4  
  163  10:53  Marauder x2  
  163  10:56  Marauder  
  167  11:06  Command Center  
  167  11:08  Marine x4  
  163  11:15  Marauder x2  
  163  11:18  Marauder  
Show
View Real Time Build Order
Export as new Build Order

Geralt Protoss 

Build Orders: 1 Gate Expand, Blink Stalkers 

Get SALT Encoding   

  12  0:01  Probe  
  13  0:13  Probe  
  14  0:20  Pylon  
  14  0:25  Probe  
  15  0:35  Probe  
  15  0:38  Gateway  
  16  0:44  Probe  
  16  0:49  Assimilator  
  17  0:53  Probe  
  18  1:05  Probe  
  19  1:17  Probe  
  20  1:22  Zealot  
  20  1:24  Nexus  
  22  1:43  Cybernetics Core  
  22  1:45  Probe  
  23  1:52  Pylon  
  23  1:59  Assimilator  
  23  2:10  Probe  
  23  2:11  Adept  
  24  2:21  Warp Gate  
  26  2:23  Probe  
  27  2:35  Probe, Twilight Council  
  28  2:38  Probe  
  28  2:41  Stalker  
  28  2:47  Probe  
  28  2:50  Probe  
  32  2:59  Probe  
  32  3:02  Probe  
  32  3:05  Blink  
  34  3:11  Probe  
  33  3:14  Probe  
  34  3:20  Stalker  
  34  3:23  Probe  
  34  3:26  Probe  
  38  3:29  Gateway  
  38  3:35  Probe  
  38  3:36  Gateway  
  38  3:39  Probe  
  40  3:44  Pylon  
  40  3:47  Probe  
  41  3:50  Stalker  
  41  3:52  Probe  
  44  3:59  Probe  
  44  4:02  Assimilator  
  45  4:04  Probe  
  46  4:11  Probe  
  46  4:16  Probe  
  48  4:17  Pylon  
  48  4:24  Probe  
  47  4:27  Robotics Facility  
  47  4:28  Probe  
  48  4:33  Stalker  
  48  4:34  Stalker  
  48  4:36  Probe  
  53  4:44  Probe  
  53  4:47  Stalker  
  53  4:48  Probe  
  56  4:57  Nexus  
  56  4:58  Pylon  
  56  5:00  Probe  
  56  5:02  Pylon  
  56  5:15  Stalker x3  
  56  5:17  Observer  
  60  5:21  Charge  
  60  5:25  Probe  
  60  5:27  Probe  
  62  5:31  Forge  
  62  5:33  Forge  
  62  5:39  Nexus  
  62  5:43  Probe  
  62  5:45  Probe  
  62  5:49  Sentry  
  66  5:50  Zealot x2  
  70  5:59  Immortal  
  70  6:02  Probe  
  75  6:07  Pylon  
  75  6:13  Gateway  
  75  6:15  Gateway  
  75  6:19  Stalker  
  75  6:23  Stalker  
  75  6:25  Probe  
  76  6:28  Stalker  
  73  6:34  Protoss Ground Armor Level 1, Protoss Ground Weapons Level 1  
  73  6:45  Probe  
  73  6:46  Probe  
  71  6:57  Probe  
  71  6:58  Probe  
  72  7:02  Probe  
  72  7:08  Gateway x2  
  73  7:09  Probe  
  73  7:10  Probe  
  73  7:13  Zealot  
  77  7:15  Gateway  
  77  7:18  Probe  
  78  7:25  Sentry, Zealot  
  78  7:26  Probe x2  
  84  7:30  Probe  
  84  7:31  Zealot  
  84  7:32  Zealot  
  89  7:38  Probe  
  89  7:42  Zealot  
  92  7:45  Probe  
  92  7:46  Probe  
  92  7:47  Pylon  
  92  7:49  Zealot  
  92  7:50  Zealot  
  96  7:53  Zealot  
  96  7:54  Zealot  
  96  8:01  Probe  
  96  8:05  Zealot  
  95  8:14  Zealot x2  
  99  8:26  Probe  
  100  8:27  Zealot  
  100  8:29  Stalker  
  100  8:30  Probe  
  100  8:31  Probe  
  103  8:38  Probe x2  
  103  8:41  Probe  
  104  8:45  Templar Archives  
  106  8:48  Observer  
  106  8:50  Probe  
  108  8:56  Probe  
  108  8:57  Protoss Ground Weapons Level 2  
  108  8:58  Protoss Ground Armor Level 2  
  109  9:03  Pylon x2  
  109  9:04  Pylon  
  109  9:08  Assimilator  
  109  9:12  Assimilator  
  109  9:21  Probe x2  
  111  9:27  Zealot x8  
  111  9:28  Immortal  
  127  9:47  Probe  
  126  9:56  Psionic Storm, Probe  
  123  10:01  Stalker x6  
  123  10:03  Probe  
  123  10:05  Pylon  
  123  10:06  Probe  
  117  10:17  Probe  
  117  10:18  High Templar x2  
  117  10:19  Probe, Warp Prism  
  115  10:26  Zealot x3  
  115  10:27  Zealot  
  107  10:35  Zealot x2  
  108  10:47  Zealot x4  
  113  10:50  Zealot x2  
  113  10:54  Pylon  
  117  10:57  Robotics Bay  
  117  11:03  Stalker x3  
  117  11:10  Stalker x3  
  105  11:15  Zealot x2  
  105  11:16  Probe  
  94  11:24  Zealot  
  77  11:27  Zealot x2  
  67  11:37  Zealot x5  
Tags
 
Add a new tag
Caveats
  • Supply blocks, unpowered buildings, or Contaminate may cause inaccurate times.
  • Supply counts are checked every 10 seconds.